 Dungeon Crawl Stone Soup version 0.29-a0-541-gaf1fc19f1b (webtiles) character file.

Game seed: 4347364144845872182

46 zishaf the Gusty (level 3, 0/20 HPs)
             Began as a Tengu Air Elementalist on June 2, 2022.
             Slain by an orc wizard
             ... wielding a +0 dagger
              (2 damage)
             ... on level 2 of the Dungeon.
             The game lasted 00:03:51 (1441 turns).

zishaf the Gusty (Tengu Air Elementalist)           Turns: 1441, Time: 00:03:52

Health: 0/20       AC:  2    Str:  8    XL:     3   Next: 68%
Magic:  0/7        EV: 12    Int: 17    God:
Gold:   70         SH:  0    Dex: 14    Spells: 3/6 levels left

rFire   . . .      SeeInvis .   e - +0 dagger
rCold   . . .      Faith    .   (no shield)
rNeg    . . .      Spirit   .   a - +0 robe
rPois   .          Reflect  .   (helmet restricted)
rElec   .          Harm     .   (no cloak)
rCorr   .          Rampage  .   (no gloves)
Will    .....                   (boots unavailable)
Stlth   ++........              (no amulet)
HPRegen 0.06/turn               (no ring)
MPRegen 0.10/turn               (no ring)

@: no status effects
A: beak, talons 3
a: no special abilities


You were on level 2 of the Dungeon.
You visited 1 branch of the dungeon, and saw 2 of its levels.

You collected 70 gold pieces.

Inventory:

Hand Weapons
 e - a +0 dagger (weapon)
Armour
 a - a +0 robe (worn)
Scrolls
 c - a scroll of identify {unknown}
 i - a scroll of brand weapon {unknown}
 j - 2 scrolls of enchant armour {unknown}
 l - a scroll of immolation {unknown}
Potions
 b - a potion of magic
 d - a potion of ambrosia {unknown}
 f - a potion of mutation {unknown}
 g - 3 potions of haste {unknown}
 h - a potion of curing {unknown}
 k - a potion of flight {unknown}


   Skills:
 + Level 1.3 Fighting
 - Level 2.1 Dodging
 - Level 2.0 Stealth
 - Level 2.0 Spellcasting
 + Level 2.5 Conjurations
 * Level 5.1 Air Magic


You had 3 spell levels left.
You knew the following spells:

 Your Spells              Type           Power      Damage    Failure   Level
a - Shock                 Conj/Air       56%        1d6       4%          1
A - Static Discharge      Conj/Air       14%        N/A       6%          2

Your spell library contained the following spells:

 Spells                   Type           Power      Damage    Failure   Level
 Swiftness                Air            19%        N/A       7%          3
 Airstrike                Air            9%         N/A       24%         4


Dungeon Overview and Level Annotations

Branches:
Dungeon (2/15)

Altars:


Innate Abilities, Weirdness & Mutations

You have a beak for a mouth.
You have claws for feet.


Message History

Things that are here:
a +0 falchion; an orc corpse
Casting: Shock (safe; 4% risk of failure)
Confirm with . or Enter, or press ? or * to list all spells.
Aiming: Shock (safe; 4% risk of failure)
Press: ? - help, Shift-Dir - straight line The zap hits something.
Something hits you.
Casting: Shock (safe; 4% risk of failure)
Confirm with . or Enter, or press ? or * to list all spells.
Aiming: Shock (safe; 4% risk of failure)
Press: ? - help, Shift-Dir - straight line Something hits you but does no damage.
Casting: Shock (safe; 4% risk of failure)
Confirm with . or Enter, or press ? or * to list all spells.
Aiming: Shock (safe; 4% risk of failure)
Press: ? - help, Shift-Dir - straight line Something hits you.
Casting: Shock (safe; 4% risk of failure)
Confirm with . or Enter, or press ? or * to list all spells.
Aiming: Shock (safe; 4% risk of failure)
Press: ? - help, Shift-Dir - straight line The zap hits something.
Something hits you.
Casting: Shock (safe; 4% risk of failure)
Confirm with . or Enter, or press ? or * to list all spells.
Okay, then.
You miss something. Your kick misses something. Something hits you.
You hit something but do no damage. Your kick misses something.
Your peck misses something. Something hits you.
You hit something but do no damage. Something hits you.
You completely miss something. Your peck misses something. Something hits you.
* * * LOW HITPOINT WARNING * * *
You barely miss something. Your kick misses something.
Your peck misses something. Something hits you.
* * * LOW HITPOINT WARNING * * *
Casting: Shock (safe; 4% risk of failure)
Confirm with . or Enter, or press ? or * to list all spells.
Aiming: Shock (safe; 4% risk of failure)
Press: ? - help, Shift-Dir - straight line The zap hits something.
Something hits you.
You die...

#.........####
#.............
#.............
##............
#.............
#.............
#.............
#########.............
#....@{...............
###..##...............
#####..######...........
#........# ####........
#.######.## #........
#.# #..# #........ #.#
##.# ###........
#.#######.## #..........
#..........###<##.......


There were no monsters in sight!

Vanquished Creatures
  3 dart slugs (D:1)
  An orc (D:2)
  2 ball pythons
  4 goblins
  2 hobgoblins
  9 jackals (D:1)
  3 quokkas
  2 bats
  5 frilled lizards
  2 kobolds
  3 rats (D:1)
36 creatures vanquished.

Notes
Turn   | Place    | Note
-------+----------+-------------------------------------------
     0 | D:1      | zishaf the Tengu Air Elementalist began the quest for the
                  | Orb.
     0 | D:1      | Reached XP level 1. HP: 10/10 MP: 4/4
   146 | D:1      | Reached XP level 2. HP: 16/16 MP: 3/6
   153 | D:1      | Learned a level 2 spell: Static Discharge
   408 | D:1      | Found a faded altar of an unknown god.
   426 | D:1      | Reached skill level 1 in Fighting
   426 | D:1      | Reached XP level 3. HP: 15/20 MP: 0/7
   511 | D:1      | You fall into a shaft and drop 1 floor!
   858 | D:1      | Reached skill level 5 in Air Magic
  1441 | D:2      | Slain by an orc wizard

Illustrated notes

Levels and vault maps discovered:
D:1:      ncdulo_wetmaze, layout_rooms, dreamdust_ecumenical_altar_statues
D:2:      layout_rooms

Skill      XL: |  1  2  3 |
---------------+----------+-----
Conjurations   | 2 |  2.5
Fighting       | 1 |  1.3
Air Magic      | 5 |  5.1
Dodging        | |  2.1
Stealth        | |  2.0
Spellcasting   | |  2.0

Action                   || total
-------------------------++-------
Melee: Unarmed           ||     2
       Peck              ||     1
       Dagger            ||     7
       Kick              ||     1
 Cast: Shock             ||    62
 Stab: Sleeping          ||     1
Armor: Robe              ||     2
Dodge: Dodged            ||    11

Table legend: (Time is in decaauts)
 A = Elapsed time spent in this place.
 B = Non-inter-level travel time spent in this place.
 C = Inter-level travel time spent in this place.
 D = Time resting spent in this place.
 E = Time spent auto-exploring this place.
 F = Levels seen in this place.
 G = Mean time per level.
                   A        B        C        D        E       F      G
               +--------+--------+--------+--------+--------+-----+--------+
         Total |   1451 |   1416 |     35 |    244 |    929 |   2 |  725.5 |
       Dungeon |   1451 |   1416 |     35 |    244 |    929 |   2 |  725.5 |
               +--------+--------+--------+--------+--------+-----+--------+

Top non-repeatable levels by time:
     D:1: 895 daAuts
     D:2: 555 daAuts
